 Dungeon Sprint DCSS version 0.30-a0-358-g0d69a1922f (webtiles) character file.

Game seed: 12929817566644264970

6662 Pestilence the Spry (level 10, -1/94 HPs)
             Began as a Vampire Gladiator on Nov 10, 2022.
             Was an Elder of Makhleb.
             Slain by a cane toad (10 damage)
             ... in the Dungeon (Sprint IX: "|||||||||||||||||||||||||||||").
             The game lasted 00:05:00 (1040 turns).

Pestilence the Spry (Vampire Gladiator)             Turns: 1040, Time: 00:05:01

Health: -1/94      AC: 12    Str: 17    XL:     10   Next: 73%
Magic:  13/13      EV: 15    Int: 13    God:    Makhleb [****..]
Gold:   0          SH:  0    Dex: 20    Spells: 9/9 levels left

rFire   . . .      SeeInvis +    a - +0 long sword
rCold   . . .      Faith    .    (no shield)
rNeg    . . .      Spirit   .    p - +1 chain mail
rPois   .          Reflect  .    c - +0 helmet
rElec   .          Harm     .    o - +0 cloak
rCorr   .          Rampage  .    n - +0 pair of gloves
Will    +....      NoTele   +    (no boots)
Stlth   ..........               (no amulet)
HPRegen 0.55/turn                q - +3 ring of dexterity
MPRegen 0.13/turn                r - +3 ring of intelligence

@: healing quickly
A: alive, fangs 3, see invisible, vampiric 2
a: Exsanguinate, Renounce Religion, Minor Destruction, Lesser Servant of
Makhleb, Major Destruction


You were in the Dungeon.
You worshipped Makhleb.
Makhleb was greatly pleased with you.
You visited 1 branch

Inventory:

Hand Weapons
 a - a +0 long sword (weapon)
Armour
 c - a +0 helmet (worn)
 n - a +0 pair of gloves (worn)
 o - a +0 cloak (worn)
 p - a +1 chain mail (worn)
Jewellery
 q - a +3 ring of dexterity (left hand)
 r - a +3 ring of intelligence (right hand)
Scrolls
 e - 3 scrolls of identify
 h - 2 scrolls of butterflies
 k - a scroll of blinking
 l - 2 scrolls of amnesia
 m - a scroll of fear
Potions
 b - a potion of resistance
 d - 2 potions of brilliance
 f - 6 potions of curing
 i - 4 potions of magic
 j - a potion of invisibility


   Skills:
 + Level 14.1 Fighting
 - Level 14.0 Long Blades
 - Level 1.5 Throwing
 + Level 16.7 Dodging
 + Level 5.2 Invocations


You had 9 spell levels left.
You didn't know any spells.
Your spell library contained the following spells:

 Spells                   Type           Power      Damage    Failure   Level
 Vhi's Electric Charge    Tloc/Air       0%         N/A       100%        3
 Airstrike                Air            0%         2d(0-16)  100%        4
 Arcjolt                  Conj/Air       0%         1d10      100%        5


Dungeon Overview and Level Annotations

Branches:
Dungeon (1/1)

Altars:
Cheibriados
Dithmenos
Fedhas
Gozag
Hepliaklqana
Kikubaaqudgha
Makhleb
Nemelex Xobeh
Okawaru
Qazlal
Ru
Sif Muna
Trog
Uskayaw
Vehumet
Wu Jian
Xom
Yredelemnul
Jiyva
Lugonu


Innate Abilities, Weirdness & Mutations

Your natural rate of healing is accelerated.
You have razor-sharp teeth.
You have supernaturally acute eyesight. (SInv)
You are afflicted with vampirism and can become a bat while bloodless.


Message History

You swap places.
Your orange demon stings the four-headed hydra from afar.
Unknown command.
Your orange demon stings the four-headed hydra!
Your orange demon hits the four-headed hydra.
The four-headed hydra closely misses your orange demon.
The four-headed hydra bites your orange demon.
The four-headed hydra bites your orange demon! x2
Your orange demon stings the four-headed hydra.
The four-headed hydra dies!
Makhleb accepts your kill.
You can now hurl Makhleb's greater destruction.
Your Fighting skill increases to level 14!
Your Invocations skill increases to level 5!
The cane toad stings your orange demon!!
Your orange demon closely misses the water moccasin.
The cane toad stings your orange demon!
Your orange demon stings the water moccasin from afar.
The cane toad completely misses your orange demon.
Your orange demon stings the water moccasin from afar!
The cane toad barely misses your orange demon.
Your orange demon stings the water moccasin from afar!
The water moccasin dies!
Makhleb accepts your kill. The cane toad stings your orange demon!
Your orange demon dies!
Your orange demon disappears in a puff of smoke!
A demon appears!
Your neqoxec gestures at the cane toad.
The cane toad twists and deforms.
You strike the helpless cane toad from behind!
You slash the cane toad! You bite the cane toad.
The cane toad is heavily wounded.
The cane toad stings you.
* * * LOW HITPOINT WARNING * * *
You closely miss the cane toad. You bite the cane toad.
The cane toad is heavily wounded.
The cane toad barely misses you.
You swap places.
The cane toad stings you!
You die...

▓▓▓▓▓▓▓▓▓▓▓▓▓▓▓▓▓▓
▓<...').)..')....'
▓▓▓▓▓▓▓▓▓▓▓▓▓▓▓▓▓▓
▓.........†.......
▓@▓▓▓▓▓▓▓▓▓▓▓▓▓▓▓▓
▓3F...††'.........
▓▓▓▓▓▓▓▓▓▓▓▓▓▓▓▓▓▓


You could see a cane toad (misshapen, ally target) and a friendly neqoxec
(summoned).

Vanquished Creatures
  A centaur warrior (D)
  A skeletal warrior (D)
  A deep elf pyromancer (D)
  A manticore (D)
  A black mamba (D)
  A cane toad (D)
  A tengu conjurer (D)
  A troll (D)
  A dream sheep (D)
  2 yaks (D)
  2 water moccasins (D)
  3 orc warriors (D)
  2 wolves (D)
  3 centaurs (D)
  2 bullfrogs (D)
  A hound (D)
  A jelly (D)
  A shadow imp (D)
  An ufetubus (D)
  A giant cockroach (D)
  A frilled lizard (D)
  3 kobolds (D)
32 creatures vanquished.

Vanquished Creatures (collateral kills)
  2 hydras (D)
  An elephant (D)
  A cane toad (D)
  A yak (D)
  2 water moccasins (D)
7 creatures vanquished.

Grand Total: 39 creatures vanquished

Notes
Turn   | Place    | Note
-------+----------+-------------------------------------------
     0 | D        | Pestilence the Vampire Gladiator began the quest for the
                  | Orb.
     0 | D        | Reached XP level 1. HP: 16/16 MP: 1/1
    25 | D        | Noticed a jelly
    25 | D        | Noticed a hound
    25 | D        | Noticed a centaur
    28 | D        | Killed a jelly
    29 | D        | Reached skill level 5 in Dodging
    29 | D        | Reached XP level 2. HP: 25/25 MP: 2/2
    29 | D        | Gained mutation: You are afflicted with vampirism and can
                  | become a bat while bloodless. [Vampire growth]
    29 | D        | Reached XP level 3. HP: 30/30 MP: 3/3
    36 | D        | Reached skill level 5 in Long Blades
    36 | D        | Reached XP level 4. HP: 35/38 MP: 4/4
    41 | D        | Killed a centaur
    42 | D        | Reached skill level 5 in Fighting
    42 | D        | Reached skill level 7 in Dodging
    42 | D        | Reached XP level 5. HP: 22/45 MP: 5/5
   106 | D        | Found a snail-covered altar of Cheibriados.
   106 | D        | Found a shadowy altar of Dithmenos.
   106 | D        | Found a blossoming altar of Fedhas.
   106 | D        | Found an opulent altar of Gozag.
   107 | D        | Found a hazy altar of Hepliaklqana.
   108 | D        | Found a viscous altar of Jiyva.
   109 | D        | Found an ancient bone altar of Kikubaaqudgha.
   110 | D        | Found a corrupted altar of Lugonu.
   111 | D        | Found a burning altar of Makhleb.
   112 | D        | Found a sparkling altar of Nemelex Xobeh.
   113 | D        | Found an iron altar of Okawaru.
   114 | D        | Found a stormy altar of Qazlal.
   115 | D        | Found a sacrificial altar of Ru.
   116 | D        | Found a shimmering blue altar of Sif Muna.
   117 | D        | Found a bloodstained altar of Trog.
   118 | D        | Found a hide-covered altar of Uskayaw.
   119 | D        | Became a worshipper of Makhleb the Destroyer
   120 | D        | Found a radiant altar of Vehumet.
   121 | D        | Found an ornate altar of the Wu Jian Council.
   122 | D        | Found a shimmering altar of Xom.
   123 | D        | Found a basalt altar of Yredelemnul.
   179 | D        | Noticed a centaur
   179 | D        | Noticed an orc warrior
   179 | D        | Noticed an orc warrior
   179 | D        | Noticed an orc warrior
   179 | D        | Noticed a yak
   179 | D        | Noticed a centaur
   181 | D        | Killed a centaur
   182 | D        | Reached skill level 8 in Dodging
   182 | D        | Killed a centaur
   182 | D        | Killed an orc warrior
   182 | D        | Reached * piety under Makhleb
   182 | D        | Killed an orc warrior
   183 | D        | Reached skill level 10 in Dodging
   183 | D        | Reached XP level 6. HP: 45/56 MP: 6/6
   194 | D        | Killed an orc warrior
   195 | D        | Reached XP level 7. HP: 39/63 MP: 7/7
   198 | D        | Killed a yak
   198 | D        | Reached ** piety under Makhleb
   199 | D        | Reached skill level 10 in Long Blades
   199 | D        | Reached skill level 11 in Dodging
   275 | D        | Noticed a tengu conjurer
   275 | D        | Noticed a deep elf pyromancer
   275 | D        | Noticed a manticore
   275 | D        | Noticed a skeletal warrior
   275 | D        | Noticed a troll
   275 | D        | Noticed a centaur warrior
   278 | D        | Killed a tengu conjurer
   278 | D        | Killed a deep elf pyromancer
   279 | D        | Reached skill level 10 in Fighting
   279 | D        | Reached skill level 12 in Dodging
   279 | D        | Reached XP level 8. HP: 66/72 MP: 8/8
   279 | D        | Killed a troll
   280 | D        | Killed a manticore
   280 | D        | Reached *** piety under Makhleb
   281 | D        | Reached skill level 13 in Dodging
   281 | D        | Reached XP level 9. HP: 81/81 MP: 9/9
   282 | D        | Killed a centaur warrior
   346 | D        | Killed a skeletal warrior
   347 | D        | Reached skill level 14 in Dodging
   568 | D        | Got Uvaes's Spellbook of Conduction
   582 | D        | Noticed a black mamba
   582 | D        | Noticed a cane toad
   589 | D        | Killed a black mamba
   598 | D        | Reached **** piety under Makhleb
   605 | D        | Reached skill level 15 in Dodging
   608 | D        | Killed a cane toad
   609 | D        | Reached XP level 10. HP: 87/91 MP: 10/10
   615 | D        | Reached ***** piety under Makhleb
   636 | D        | Noticed a six-headed hydra
   636 | D        | Noticed an elephant
   636 | D        | Noticed a four-headed hydra
   636 | D        | Noticed a cane toad
   642 | D        | Noticed an orange demon
   849 | D        | Killed a six-headed hydra
   862 | D        | Reached skill level 16 in Dodging
   959 | D        | Killed an elephant
   969 | D        | Killed a cane toad
   994 | D        | Noticed a cane toad
  1029 | D        | Killed a four-headed hydra
  1030 | D        | Reached skill level 5 in Invocations
  1040 | D        | Slain by a cane toad

Illustrated notes

Levels and vault maps discovered:
D:        linesprint [early_d, line_temple, items_1, d_10, items_2, lair_1,
          lair_end, items_3, orc_1, orc_end, items_4, d_15, swamp_1, shoals_1,
          snake_1, spider_1, d_20, vaults_1, items_5, swamp_end, shoals_end,
          snake_end, spider_end, vaults_end, d_27, items_6, zot_1, zot_end,
          crypt_end, forest_end, elf_end, slime_end, tomb_end, abyss_end,
          pan_hell_end]

Skill      XL: |  1  2  3  4  5  6  7  8  9 10 |
---------------+-------------------------------+-----
Fighting       | 3 4 5 8 10 11 12 14 | 14.1
Long Blades    | 4 5 6 9 11 12 13 14 | 14.0
Dodging        | 5 7 10 12 13 15 16 | 16.7
Invocations    | 5 |  5.2
Throwing       | |  1.5

Action                   |  1- 3 |  4- 6 |  7- 9 | 10-12 || total
-------------------------+-------+-------+-------+-------++-------
Melee: Long sword        |    18 |    16 |    40 |    21 ||    95
       Bite              |     1 |     1 |     6 |     8 ||    16
Invok: Lesser Servant of |       |       |     3 |    25 ||    28
       Major Destruction |       |       |       |     3 ||     3
Evoke: Wand              |       |     3 |     7 |       ||    10
  Use: Potion            |     1 |       |     6 |       ||     7
       Scroll            |       |       |       |     1 ||     1
 Stab: Distracted        |       |       |       |     1 ||     1
Armor: Leather armour    |     7 |     4 |       |       ||    11
       Chain mail        |       |     2 |     7 |    13 ||    22
Dodge: Dodged            |     8 |    18 |    13 |    33 ||    72

Table legend: (Time is in decaauts)
 A = Elapsed time spent in this place.
 B = Non-inter-level travel time spent in this place.
 C = Inter-level travel time spent in this place.
 D = Time resting spent in this place.
 E = Time spent auto-exploring this place.
 F = Levels seen in this place.
 G = Mean time per level.
                   A        B        C        D        E       F      G
               +--------+--------+--------+--------+--------+-----+--------+
         Total |   1019 |   1019 |      0 |    416 |      0 |   1 | 1019.0 |
       Dungeon |   1019 |   1019 |      0 |    416 |      0 |   1 | 1019.0 |
               +--------+--------+--------+--------+--------+-----+--------+

Top non-repeatable levels by time:
       D: 1019 daAuts
